 Dungeon Crawl Stone Soup version 0.29.0-4-gdea44cf6ec (webtiles) character file.

Game seed: 6649676204057317926

64 qw the Ruffian (level 3, 0/36 HPs)
             Began as a Troll Cinder Acolyte on Sept 3, 2022.
             Was a High Priest of Ignis.
             Slain by an orc wizard
             ... wielding a +0 dagger
              (2 damage)
             ... on level 2 of the Dungeon.
             The game lasted 00:00:50 (1299 turns).

qw the Ruffian (Troll Cinder Acolyte)               Turns: 1299, Time: 00:00:51

Health: 0/36       AC:  4    Str: 24    XL:     3   Next: 91%
Magic:  3/3        EV:  9    Int: 10    God:    Ignis [*****.]
Gold:   22         SH:  0    Dex:  5    Spells: 4/4 levels left

rFire   + . .      SeeInvis .     - Unarmed
rCold   . . .      Faith    .   (no shield)
rNeg    . . .      Spirit   .   a - +0 robe
rPois   .          Reflect  .   (helmet restricted)
rElec   .          Harm     .   (no cloak)
rCorr   .          Rampage  .   (gloves unavailable)
Will    .....                   (boots unavailable)
Stlth   +.........              (no amulet)
HPRegen 0.92/turn               (no ring)
MPRegen 0.08/turn               (no ring)

@: lethally poisoned (0 -> -1)
A: large, unfitting armour, claws 3, regeneration 1, shaggy fur 1, tough skin 1
a: Renounce Religion, Fiery Armour, Foxfire Swarm, Rising Flame


You were on level 2 of the Dungeon.
You worshipped Ignis.
Ignis was extremely pleased with you.
You visited 1 branch of the dungeon, and saw 2 of its levels.

You collected 22 gold pieces.


Innate Abilities, Weirdness & Mutations

You are too large for most types of armour.
You have claws for hands.
Your natural rate of healing is unusually fast.
You are covered in fur. (AC +1)
You have tough skin. (AC +1)


   Skills:
 - Level 2.4 Fighting
 + Level 4.9 Unarmed Combat
 - Level 1.0 Spellcasting
 - Level 2.1 Fire Magic


You had 4 spell levels left.
You didn't know any spells.
Your spell library contained the following spells:

 Spells                   Type           Power      Damage    Failure   Level
 Scorch                   Fire           8%         2d5       22%         2

Inventory:

Missiles
 e - 5 boomerangs (quivered)
Armour
 a - a +0 robe (worn)
Scrolls
 b - a scroll of immolation {unknown}
Potions
 c - a potion of curing
 d - a potion of mutation {unknown}

Dungeon Overview and Level Annotations

Branches:
Dungeon (2/15)

Altars:
Okawaru

Annotations:
D:2 1 runed translucent door, Crazy Yiuf


Message History

a +0 mace; a +0 ring mail
1287 ||| Stepping ~*~*~tactically~*~*~ (outnumbered).
1288 ||| Stepping ~*~*~tactically~*~*~ (outnumbered).
You closely miss the orc.
The orc hits you with a +2 short sword of venom.
You are poisoned.
The hobgoblin throws a datura-tipped dart.
The datura-tipped dart hits you.
You scratch the orc but do no damage.
You feel very sick. The orc hits you but does no damage.
You are more poisoned.
1291 ||| Stepping ~*~*~tactically~*~*~ (outnumbered).
The orc attacks as you move away!
The orc hits you with a +2 short sword of venom.
The hobgoblin attacks as you move away!
The hobgoblin hits you but does no damage.
You feel very sick.
You mangle the orc!!
You kill the orc!
You feel very sick.
You claw the hobgoblin!
You kill the hobgoblin!
You feel very sick.
You swing at nothing.
You feel sick.
You hear some strange, mumbled words.
A magic dart appears from out of thin air!
The magic dart hits you!
You closely miss something.
You feel sick. Something hits you.
You completely miss something.
You feel sick. Something hits you.
1297 ||| FLEEEEING.
You barely miss something.
You feel sick. Something hits you.
1298 ||| FLEEEEING.
You closely miss something.
You feel sick.
1299 ||| FLEEEEING.
You miss something. Something hits you.
You die...

#.###......##.# #...# #.#
#.####.##.# ##.#.## #.# #.#
#.##.# #[....# #.# #.# #.##.#
#.....##
#####.###.####....###.._...#
#...%.##..........)........#
#.######..######...........# #.#
#..# #{##..#####.# #.# #..#
#@##..# .o. #.# #..#
#o##..###....?o. #.# #..#
###.#..(.....g....#
#.######..####....[..###.......#
#......%.........##..# . .o.#
#..#####..####.####..# .....#
#.............# ####.#
##.###...###.##
#.####.##........#


You could see an orc.

Vanquished Creatures
  An adder (D:2)
  2 dart slugs
  2 orcs (D:2)
  4 ball pythons
  5 endoplasms
  4 giant cockroaches
  7 hobgoblins
  3 quokkas
  4 bats
  3 goblins (D:1)
  10 rats
45 creatures vanquished.

Notes
Turn   | Place    | Note
-------+----------+-------------------------------------------
     0 | D:1      | qw the Troll Cinder Acolyte began the quest for the Orb.
     0 | D:1      | Reached XP level 1. HP: 22/22 MP: 1/1
     0 | D:1      | 0 ||| qw: Version: 0.1-a-102-g441f92d
     0 | D:1      | 0 ||| qw: Game counter: 5179
     0 | D:1      | 0 ||| qw: Always use a shield: true
     0 | D:1      | 0 ||| qw: God list: Okawaru
     0 | D:1      | 0 ||| qw: Allow faded altars: false
     0 | D:1      | 0 ||| qw: Do Orc after D:15 true
     0 | D:1      | 0 ||| qw: Do second Lair branch before Depths: true
     0 | D:1      | 0 ||| qw: Lair rune preference: random
     0 | D:1      | 0 ||| qw: Plans: Normal
     0 | D:1      | 0 ||| PLANNING D:1-11
     4 | D:1      | 4 ||| Stepping ~*~*~tactically~*~*~ (hiding).
    99 | D:1      | Reached XP level 2. HP: 20/29 MP: 2/2
   301 | D:1      | 301 ||| Stepping ~*~*~tactically~*~*~ (stealth).
   302 | D:1      | 302 ||| Stepping ~*~*~tactically~*~*~ (stealth).
   307 | D:1      | 307 ||| Stepping ~*~*~tactically~*~*~ (outnumbered).
   310 | D:1      | 310 ||| Stepping ~*~*~tactically~*~*~ (outnumbered).
   314 | D:1      | Reached skill level 4 in Unarmed Combat
   340 | D:1      | 340 ||| Stepping ~*~*~tactically~*~*~ (stealth).
   575 | D:1      | Reached XP level 3. HP: 36/36 MP: 3/3
   579 | D:1      | 579 ||| Stepping ~*~*~tactically~*~*~ (stealth).
   582 | D:1      | 582 ||| Stepping ~*~*~tactically~*~*~ (stealth).
   625 | D:1      | Found a faded altar of an unknown god.
   799 | D:1      | 799 ||| READING scroll labelled XANAWA RAXZA.
   800 | D:1      | 800 ||| READING scroll labelled NITRAUTIFI.
   801 | D:1      | 801 ||| READING scroll labelled OFUSEA FISHUFI.
   802 | D:1      | 802 ||| DRINKING 2 black potions.
   803 | D:1      | 803 ||| DRINKING 2 blue potions.
   904 | D:1      | 904 ||| DROPPING potion of ambrosia.
   954 | D:2      | Found a runed translucent door.
   955 | D:2      | Noticed Crazy Yiuf
  1232 | D:2      | 1232 ||| Stepping ~*~*~tactically~*~*~ (outnumbered).
  1255 | D:2      | Found an iron altar of Okawaru.
  1271 | D:2      | 1271 ||| Stepping ~*~*~tactically~*~*~ (stealth).
  1275 | D:2      | 1275 ||| Stepping ~*~*~tactically~*~*~ (stealth).
  1278 | D:2      | 1278 ||| Stepping ~*~*~tactically~*~*~ (stealth).
  1279 | D:2      | 1279 ||| Stepping ~*~*~tactically~*~*~ (stealth).
  1280 | D:2      | 1280 ||| Stepping ~*~*~tactically~*~*~ (outnumbered).
  1281 | D:2      | 1281 ||| Stepping ~*~*~tactically~*~*~ (outnumbered).
  1282 | D:2      | 1282 ||| Stepping ~*~*~tactically~*~*~ (outnumbered).
  1283 | D:2      | 1283 ||| Stepping ~*~*~tactically~*~*~ (outnumbered).
  1287 | D:2      | 1287 ||| Stepping ~*~*~tactically~*~*~ (outnumbered).
  1288 | D:2      | 1288 ||| Stepping ~*~*~tactically~*~*~ (outnumbered).
  1291 | D:2      | 1291 ||| Stepping ~*~*~tactically~*~*~ (outnumbered).
  1295 | D:2      | HP: 9/36 [poisoned by an orc]
  1296 | D:2      | HP: 3/36 [something (2)]
  1297 | D:2      | 1297 ||| FLEEEEING.
  1297 | D:2      | HP: 1/36 [something (2)]
  1298 | D:2      | 1298 ||| FLEEEEING.
  1299 | D:2      | 1299 ||| FLEEEEING.
  1299 | D:2      | Slain by an orc wizard

Levels and vault maps discovered:
D:1:      dpeg_arrival_ratfight, layout_loops_ring,
          chequers_ecumenical_altar_grove
D:2:      layout_loops_ring, basic_altar, uniq_crazy_yiuf_cottage

Skill      XL: |  1  2 |
---------------+-------+-----
Unarmed Combat | 4 |  4.9
Fighting       | |  2.4
Spellcasting   | |  1.0
Fire Magic     | |  2.1

Action                   || total
-------------------------++-------
Melee: Unarmed           ||   103
       Punch             ||     1
Throw: Boomerang         ||     2
  Use: Scroll            ||     3
       Potion            ||     2
Armor: Robe              ||    24
Dodge: Dodged            ||    36

Table legend:
 A = Non-vault XP
 B = Vault XP
 C = Vault XP percentage of total XP
 D = Non-vault monster count
 E = Vault monster count
 F = Vault count percentage of total count
                 A         B        C        D         E       F
            +---------+---------+-------+---------+---------+-------
      Total |      87 |       5 |   5.4 |      40 |       5 |  11.1
            +---------+---------+-------+---------+---------+-------
        D:1 |      45 |       5 |  10.0 |      25 |       5 |  16.7
        D:2 |      42 |       0 |   0.0 |      15 |       0 |   0.0
            +---------+---------+-------+---------+---------+-------
